 Dungeon Crawl Stone Soup version 0.22.1-1-ga44c0e56f4 (webtiles) character file.

68908 Kaderl the Fencer (level 15, -6/119 HPs)
             Began as a Human Fighter on Oct 12, 2018.
             Mangled by a freezing wraith (15 damage)
             ... on level 1 of the Spider Nest.
             The game lasted 01:27:30 (27765 turns).

Kaderl the Fencer (Human Fighter)                  Turns: 27765, Time: 01:27:31

Health: -6/119     AC: 25    Str: 31    XL:     15   Next: 72%
Magic:  17/17      EV: 10    Int:  9    God:
Gold:   1264       SH: 15    Dex: 19    Spells: 14/14 levels left

rFire    . . .     SeeInvis .   e - +0 double sword
rCold    . . .     Gourm    .   s - +0 shield
rNeg     . . .     Faith    .   n - +4 plate armour
rPois    .         Spirit   .   t - +0 hat of the Thinker {Dex+4}
rElec    .         Reflect  .   (no cloak)
rCorr    .         Harm     .   q - +1 pair of gloves {Str+3}
MR       +....                  v - +2 pair of boots {Stlth+}
Stlth    ..........             C - amulet of Ciamil {+Rage Str+7 Dex-2}
HPRegen  0.29/turn              b - +3 ring of slaying
MPRegen  0.15/turn              k - +3 ring of dexterity

@: very slightly contaminated
A: no striking features
a: Evoke Berserk Rage


You were on level 1 of the Spider Nest.
You were hungry.

You visited 4 branches of the dungeon, and saw 20 of its levels.
You also visited: Sewer.

You collected 1425 gold pieces.
You spent 161 gold pieces at shops.

Inventory:

Hand Weapons
 e - a +0 double sword (weapon)
Armour
 n - a +4 plate armour (worn)
 q - a +1 pair of gloves of strength (worn)
 s - a +0 shield (worn)
 t - the +0 hat of the Thinker (worn) {Dex+4}
   (You found it on level 9 of the Dungeon)

   It affects your dexterity (+4).
 v - a +2 pair of boots of stealth (worn)
Jewellery
 b - a +3 ring of slaying (left hand)
 k - a +3 ring of dexterity (right hand)
 l - an uncursed ring of ice
 w - an uncursed ring of flight
 C - the amulet of Ciamil (around neck) {+Rage Str+7 Dex-2}
   (You took it off a wight on level 12 of the Dungeon)

   [amulet of rage]

   It affects your strength (+7).
   It affects your dexterity (-2).
   It lets you go berserk.
Wands
 x - a wand of flame (47)
 y - a wand of polymorph (13)
 z - a wand of digging (9)
Scrolls
 c - 9 scrolls of remove curse
 g - 16 scrolls of identify
 j - 7 scrolls of teleportation
 p - 3 scrolls of amnesia
Potions
 a - 2 potions of curing
 h - 5 potions of flight
 i - 2 potions of magic
 m - 4 potions of cancellation
 o - a potion of lignification
 r - a potion of might
 u - a potion of haste {unknown}
 A - a potion of resistance
Miscellaneous
 D - a lamp of fire
Comestibles
 f - 5 rations


   Skills:
 + Level 11.3 Fighting
 + Level 16.2 Long Blades
 + Level 11.4 Armour
 + Level 3.5 Dodging
 + Level 1.5 Stealth
 + Level 13.1 Shields
 + Level 3.0 Evocations


You had 14 spell levels left.
You didn't know any spells.
Your spell library contained the following spells:

 Spells                   Type           Power        Failure   Level  Hunger
 Freeze                   Ice            #...         97%         1    ##.....
 Magic Dart               Conj           #...         97%         1    ##.....
 Summon Small Mammal      Summ           #...         97%         1    ##.....
 Blink                    Tloc           N/A          99%         2    ###....
 Call Imp                 Summ           #.......     99%         2    ###....
 Slow                     Hex            #.......     99%         2    ###....
 Throw Frost              Conj/Ice       #.....       99%         2    ###....
 Call Canine Familiar     Summ           #.......     100%        3    ####...
 Conjure Flame            Conj/Fire      #.......     100%        3    ####...
 Mephitic Cloud           Conj/Pois/Air  #.......     100%        3    ####...
 Ozocubu's Armour         Chrm/Ice       #.......     100%        3    ####...
 Summon Guardian Golem    Hex/Summ       #.......     100%        3    ####...
 Summon Ice Beast         Ice/Summ       #.......     100%        4    #####..
 Summon Lightning Spire   Summ/Air       #.......     100%        4    #####..
 Throw Icicle             Conj/Ice       #.......     100%        4    #####..
 Irradiate                Conj/Tmut      #.........   100%        5    ######.
 Hydra Form               Tmut           #.........   100%        6    #######
 Statue Form              Tmut/Erth      #........    100%        6    #######
 Dragon Form              Tmut           #.........   100%        7    #######


Dungeon Overview and Level Annotations

Branches:
Dungeon (15/15)            Temple (1/1) D:5            Lair (3/6) D:8
 Shoals (0/4) Lair:2       Spider (1/4) Lair:3          Orc (0/2) D:12
 Vaults (0/5) D:13         Depths (0/5) D:15

Altars:
Ashenzari
Cheibriados
Dithmenos
Elyvilon
Fedhas
Gozag
Hepliaklqana
Kikubaaqudgha
Makhleb
Nemelex Xobeh
Okawaru
Qazlal
Ru
Sif Muna
Trog
Uskayaw
Vehumet
Wu Jian
Xom
Yredelemnul
Zin
The Shining One
Jiyva

Shops:
D:4 (   D:5 (   D:13 *   D:14 =

Portals:
Ice
Cave: Spider:1

Annotations:
Lair:2 3 runed doors, btonasse's ghost, journeyman MiFi
Lair:3 exclusion: oklob plant


Message History

The jumping spider barely misses you. The redback bites you!
* * * LOW HITPOINT WARNING * * *
You block the freezing wraith's attack. x2
Unknown command.
Unknown command.
Blink to where?
Press: ? - help, Dir - move target cursor
As you read the scroll of blinking, it crumbles to dust.
* * * LOW HITPOINT WARNING * * *
You feel sick.
* * * LOW HITPOINT WARNING * * *
You feel sick.
There is a frozen archway here.
You feel better.
The jumping spider leaps!
You feel yourself speed up. You block the redback's attack.
The jumping spider leaps!
The freezing wraith hits you.
* * * LOW HITPOINT WARNING * * *
The freezing wraith freezes you!
You die...

####*********
#...,,,,,,,,*
#.s.,,,,,,*,**
#..#*###*,,,,* * #..#
#..##,,,* **
#.s###..s##,,*
,###*###.s's..sW@#,,*
*#..##..s§###...##,,*
*#.....#..# #..##,,,*
#.##....ss#####*,,***
,#....#.........,**
,.#.......[###.#**
#.^...#....^...*
##.#.......####*
......#....#**


You could see a wolf spider, a freezing wraith, 2 tarantellas and 2 redbacks.

Vanquished Creatures
  Rupert (D:12)
  Gastronok (D:11)
  Nessos (D:12)
  A dire elephant (D:15)
  7 hydras
  6 two-headed ogres
  3 centaur warriors
  A sea snake (D:13)
  A glowing orange brain (D:13)
  4 unseen horrors
  A necromancer (D:13)
  An orc knight (D:15)
  An orc sorcerer (D:15)
  15 ugly things
  A deep elf mage (D:14)
  5 cyclopes
  A manticore (D:12)
  3 wolf spiders
  A moth of wrath (Lair:3)
  A salamander (shapeshifter) (D:15)
  A black mamba (Lair:3)
  4 centaur zombies
  6 spiny frogs
  4 centaur skeletons
  A gargoyle (D:12)
  2 demonic crawlers (Lair:3)
  2 kobold demonologists
  An efreet (D:11)
  9 komodo dragons
  2 freezing wraiths
  4 trolls
  A jumping spider (Lair:3)
  A polar bear (Lair:3)
  3 slime creatures
  12 blink frogs
  2 hornets (D:11)
  10 hippogriffs
  3 tarantellas (Lair:3)
  12 redbacks
  4 water elementals (D:11)
  4 wyverns
  A shadow (D:12)
  41 yaks
  7 hungry ghosts
  2 vampires (D:15)
  5 wraiths
  2 steam dragons
  4 vampire mosquitoes
  A soldier ant (D:13)
  A warg (D:14)
  2 water moccasins (Lair:1)
  7 porcupines
  8 sky beasts
  5 orc warriors
  5 ice beasts
  4 black bears
  4 phantoms
  3 necrophages
  8 ogres
  2 eyes of draining (D:13)
  11 centaurs
  2 crocodiles (Lair:2)
  4 big kobolds
  19 bullfrogs
  A wyvern zombie (D:13)
  8 scorpions
  A water moccasin skeleton (D:11)
  18 killer bees
  7 wights
  2 howler monkeys
  6 crimson imps
  6 jellies
  10 orc wizards
  4 orc priests
  9 hounds
  4 iguanas
  10 worker ants
  A killer bee zombie (D:6)
  6 ogre zombies (D:12)
  3 hound skeletons
  2 worker ant zombies (D:6)
  3 gnolls (D:8)
  13 adders
  8 shadow imps
  17 oozes
  2 adder zombies
  3 adder skeletons
  2 worms
  3 dart slugs
  11 leopard geckos
  54 orcs
  33 giant cockroaches
  12 goblins
  3 hobgoblins (D:1)
  9 jackals
  26 kobolds
  4 quokkas
  5 ball pythons
  6 bats
  10 frilled lizards
  4 goblin skeletons (D:12)
  A goblin zombie (D:12)
  A hobgoblin skeleton (D:12)
  A jackal zombie (D:5)
  A leopard gecko skeleton (D:4)
  A leopard gecko zombie (D:6)
  2 orc skeletons (D:12)
  11 orc zombies (D:12)
  2 quokka skeletons
  A quokka zombie (D:7)
  7 rats
  A fungus (Lair:3)
  A plant (Lair:2)
648 creatures vanquished.

Vanquished Creatures (collateral kills)
  A hound skeleton (D:9)
1 creature vanquished.

Vanquished Creatures (others)
  Fannar (D:12)
  6 fungi
  2 plants
9 creatures vanquished.

Grand Total: 658 creatures vanquished

Notes
Turn   | Place    | Note
-------+----------+-------------------------------------------
     0 | D:1      | Kaderl the Human Fighter began the quest for the Orb.
     0 | D:1      | Reached XP level 1. HP: 18/18 MP: 1/1
    76 | D:1      | Reached XP level 2. HP: 13/24 MP: 2/2
   427 | D:2      | Reached XP level 3. HP: 25/29 MP: 3/3
   623 | D:2      | Reached XP level 4. HP: 35/35 MP: 4/4
  1516 | D:3      | Found a sacrificial altar of Ru.
  1543 | D:3      | Reached skill level 3 in Long Blades
  1543 | D:3      | Reached XP level 5. HP: 29/41 MP: 5/5
  2815 | D:4      | Noticed a phantom
  2879 | D:4      | Killed a phantom
  2879 | D:4      | Reached XP level 6. HP: 12/48 MP: 6/6
  2970 | D:4      | Found Edem's Antique Weapon Shop.
  3174 | D:4      | Found a glowing drain.
  3200 | Sewer    | Entered a sewer
  3417 | Sewer    | Reached skill level 4 in Long Blades
  3544 | Sewer    | Reached XP level 7. HP: 28/53 MP: 7/7
  3581 | Sewer    | Reached skill level 5 in Shields
  4574 | D:5      | Entered Level 5 of the Dungeon
  4712 | D:5      | Reached skill level 5 in Long Blades
  4712 | D:5      | Reached skill level 5 in Armour
  4712 | D:5      | Reached skill level 1 in Dodging
  4712 | D:5      | Reached XP level 8. HP: 41/60 MP: 8/8
  5069 | D:5      | Reached skill level 6 in Long Blades
  5504 | D:4      | Bought a runed scimitar for 161 gold pieces
  5931 | D:5      | Found Dutis's Antique Weapon Shop.
  5993 | D:5      | Found a staircase to the Ecumenical Temple.
  6009 | D:5      | Reached XP level 9. HP: 66/66 MP: 9/9
  6303 | Temple   | Entered the Ecumenical Temple
  6642 | D:6      | Reached skill level 7 in Long Blades
  6840 | D:6      | Found a shadowy altar of Dithmenos.
  7169 | D:6      | Reached skill level 8 in Long Blades
  7408 | D:7      | Reached skill level 5 in Fighting
  7790 | D:7      | Noticed a hippogriff
  7796 | D:7      | Killed a hippogriff
  7926 | D:8      | Reached skill level 9 in Long Blades
  7926 | D:8      | Reached XP level 10. HP: 74/74 MP: 10/10
  9023 | D:8      | Reached skill level 10 in Long Blades
  9054 | D:8      | Found a staircase to the Lair.
  9178 | D:8      | Noticed a two-headed ogre
  9472 | D:8      | Noticed a two-headed ogre
  9478 | D:8      | Killed a two-headed ogre
  9750 | D:8      | Killed a two-headed ogre
  9989 | D:8      | Reached XP level 11. HP: 77/81 MP: 11/11
 10247 | D:9      | Reached skill level 1 in Evocations
 10710 | D:9      | Reached skill level 11 in Long Blades
 10809 | D:9      | Found a sparkling altar of Nemelex Xobeh.
 10847 | D:9      | Got a faintly humming hat
 10853 | D:9      | Identified the +0 hat of the Thinker {Dex+4} (You found it
                  | on level 9 of the Dungeon)
 11184 | D:10     | Entered Level 10 of the Dungeon
 11553 | D:9      | Identified a scroll of acquirement
 11718 | D:10     | Noticed a centaur warrior
 11835 | D:10     | Killed a centaur warrior
 12345 | D:11     | Noticed Gastronok
 12742 | D:11     | Killed Gastronok
 12742 | D:11     | Reached skill level 1 in Stealth
 12742 | D:11     | Reached XP level 12. HP: 70/91 MP: 12/12
 12746 | D:11     | Reached skill level 12 in Long Blades
 13379 | D:12     | Killed an unseen horror
 13584 | D:12     | Noticed Rupert
 13613 | D:12     | Killed Rupert
 13613 | D:12     | Reached skill level 10 in Shields
 13954 | D:12     | Found a staircase to the Orcish Mines.
 14189 | D:12     | Noticed Nessos
 14196 | D:12     | Killed Nessos
 14196 | D:12     | Reached skill level 13 in Long Blades
 14813 | D:12     | Reached XP level 13. HP: 86/99 MP: 14/14
 14992 | D:12     | Noticed a five-headed hydra
 15801 | D:12     | Noticed Fannar
 15832 | D:12     | Killed Fannar
 16717 | Lair:1   | Entered Level 1 of the Lair of Beasts
 16960 | Lair:1   | Reached skill level 14 in Long Blades
 17664 | Lair:2   | Noticed a six-headed hydra
 17969 | Lair:2   | Got a twisted rapier
 17970 | Lair:2   | Identified the cursed +1 rapier of Unreason {pierce, Int+4}
                  | (You found it on level 2 of the Lair of Beasts)
 18024 | Lair:2   | Found a staircase to the Shoals.
 18098 | Lair:2   | Found a runed gate.
 18098 | Lair:2   | Found a runed gate.
 18098 | Lair:2   | Found a viscous altar of Jiyva.
 18098 | Lair:2   | Found a runed gate.
 18098 | Lair:2   | Noticed btonasse's ghost (journeyman MiFi)
 18098 | Lair:2   | Noticed a death ooze
 18377 | Lair:2   | Killed a 13-headed hydra
 18867 | Lair:2   | Reached skill level 10 in Armour
 18872 | Lair:2   | Reached XP level 14. HP: 95/108 MP: 15/15
 19307 | D:12     | Got a translucent amethyst amulet
 19619 | D:12     | Identified the amulet of Ciamil {+Rage Str+7 Dex-2} (You
                  | took it off a wight on level 12 of the Dungeon)
 20208 | D:13     | Found Larioxto's Antique Artefacts.
 20951 | D:13     | Found a gate to the Vaults.
 21113 | D:14     | Found a shattered altar of Ashenzari.
 21222 | D:13     | Reached skill level 15 in Long Blades
 21872 | D:14     | Reached skill level 10 in Fighting
 21874 | D:14     | Found Yhupont's Jewellery Shop.
 22308 | D:14     | Found a stormy altar of Qazlal.
 22389 | D:15     | Entered Level 15 of the Dungeon
 23174 | D:15     | Found a staircase to the Depths.
 23174 | D:15     | Noticed a dire elephant
 23186 | D:15     | Reached XP level 15. HP: 108/117 MP: 17/17
 23555 | D:15     | HP: 5/117 [salamander (shapeshifter) (14)]
 24999 | D:15     | Reached skill level 16 in Long Blades
 25457 | Lair:3   | Found a hole to the Spider Nest.
 27118 | Spider:1 | Entered Level 1 of the Spider Nest
 27751 | Spider:1 | Found a frozen archway.
 27765 | Spider:1 | Mangled by a freezing wraith

Skill      XL: |  1  2  3  4  5  6  7  8  9 10 11 12 13 14 15 |
---------------+----------------------------------------------+-----
Long Blades    | 3 4 5 6 9 10 11 13 14 15 16 | 16.2
Shields        | 4 5 6 7 9 10 11 12 13 | 13.1
Armour         | 4 5 6 7 8 9 10 11 | 11.4
Fighting       | 4 5 6 7 8 9 10 11 | 11.3
Dodging        | 1 2 3 |  3.5
Evocations     | 1 2 3 |  3.0
Stealth        | 1 |  1.5

Action                   |  1- 3 |  4- 6 |  7- 9 | 10-12 | 13-15 || total
-------------------------+-------+-------+-------+-------+-------++-------
Melee: Long sword        |    88 |   389 |   152 |       |       ||   629
       Scimitar          |       |       |   227 |   645 |   201 ||  1073
       Double sword      |       |       |       |       |   953 ||   953
Evoke: Wand              |       |       |       |    14 |    48 ||    62
       Lamp of fire      |       |       |       |       |     2 ||     2
  Use: Scroll            |     4 |     3 |    10 |    10 |    12 ||    39
       Potion            |       |     3 |       |     1 |    12 ||    16
 Stab: Paralysed         |       |     1 |       |       |       ||     1
  Eat: Ration            |       |     3 |     5 |    12 |    13 ||    33
       Chunk             |       |       |       |       |     1 ||     1
Armor: Scale mail        |    47 |       |       |       |       ||    47
       Plate armour      |     9 |   360 |   210 |   296 |   687 ||  1562
       Skin              |       |       |       |       |    12 ||    12
Dodge: Dodged            |    30 |    63 |    84 |   135 |   374 ||   686
Block: Shield            |    69 |   247 |   214 |   345 |   801 ||  1676
       Rpst.: Long sword |    10 |    30 |    11 |       |       ||    51
       Scimitar          |       |       |    14 |    37 |    20 ||    71
       Double sword      |       |       |       |       |    87 ||    87
